 Dungeon Crawl Stone Soup version 0.25-a0-503-ge281fa673e (webtiles) character file.

Game seed: 15901873922248811018, levelgen mode: deterministic

1920 Fukker the Slicer (level 8, -4/56 HPs)
             Began as a Demonspawn Gladiator on Feb 13, 2020.
             Was a Priest of Ru.
             Slain by a killer bee (6 damage)
             ... on level 7 of the Dungeon.
             The game lasted 00:12:11 (4846 turns).

Fukker the Slicer (Demonspawn Gladiator)            Turns: 4846, Time: 00:12:12

Health: -4/56      AC:  5    Str: 17 (20) XL:     8   Next: 95%
Magic:  8/8        EV: 12    Int:  6 (9)  God:    Ru [***...]
Gold:   346        SH:  0    Dex: 14 (15) Spells: 7/7 levels left

rFire    . . .     SeeInvis .   r - +3 short sword (elec)
rCold    . . .     Gourm    .   (shield unavailable)
rNeg     . . .     Faith    .   b - +0 leather armour
rPois    .         Spirit   .   (helmet restricted)
rElec    .         Reflect  .   (no cloak)
rCorr    .         Harm     .   (no gloves)
MR       .....                  (no boots)
Stlth    +.........             (no amulet)
HPRegen  0.18/turn              (ring unavailable)
MPRegen  0.11/turn              v - +5 ring of strength

@: lethally poisoned (-4 -> -10)
A: horns 2, icy blue scales 1, weak 1, missing a hand
a: Draw Out Power, Renounce Religion


You were on level 7 of the Dungeon.
You worshipped Ru.
Ru was most pleased with you.
You were not hungry.

You visited 1 branch of the dungeon, and saw 7 of its levels.

You collected 346 gold pieces.

Inventory:

Hand Weapons
 a - a +0 quarterstaff
 k - a +0 giant club
 p - a +1 dagger of venom
 q - a +2 dagger of pain
 r - a +3 short sword of electrocution (weapon)
Missiles
 d - 3 throwing nets
 i - 230 stones
 j - 115 bolts
 w - 98 arrows
 y - 7 javelins
 A - 32 sling bullets
 E - 4 boomerangs (quivered)
 F - 2 curare-tipped darts
Armour
 b - a +0 leather armour (worn)
 c - a +0 helmet
Jewellery
 v - a +5 ring of strength (right hand)
 G - an uncursed ring of protection from cold
 I - a cursed ring of attention {unknown}
Scrolls
 h - 3 scrolls of teleportation
 o - a scroll of noise {unknown}
 x - 3 scrolls of remove curse {unknown}
 z - a scroll of amnesia
 B - a scroll of random uselessness {unknown}
 C - a scroll of enchant armour {unknown}
 D - a scroll of fear {unknown}
 H - a scroll of silence {unknown}
 J - a scroll of immolation {unknown}
Potions
 e - a potion of degeneration
 g - a potion of flight {unknown}
 l - 2 potions of mutation {unknown}
 m - a potion of lignification {unknown}
 n - 3 potions of cancellation {unknown}
 s - 2 potions of brilliance
 t - 2 potions of curing {unknown}
 K - a potion of haste {unknown}
 L - a potion of invisibility {unknown}
Comestibles
 f - 11 rations
 u - 2 chunks of flesh


   Skills:
 - Level 2.0 Fighting
 * Level 9.6 Short Blades
 - Level 3.2 Staves
 * Level 4.3 Throwing
 - Level 2.7 Dodging


You had 7 spell levels left.
You didn't know any spells.
Your spell library was empty.

Dungeon Overview and Level Annotations

Branches:
Dungeon (6/15)
 Temple: D:4-7

Altars:
Ashenzari
Makhleb
Okawaru
Qazlal
Ru
Trog
Yredelemnul


Innate Abilities, Weirdness & Mutations

You have a pair of horns on your head.
You are partially covered in icy blue scales. (AC +2)
You are weak. (Str -2)
You are missing a hand.


Message History

The killer bee is stunned by your will and fails to attack.
The killer bee stings you.
You are more poisoned.
The killer bee poisons you! The killer bee closely misses you.
You miss the killer bee.
You feel sick. The killer bee stings you. The killer bee misses you.
You hit the killer bee.
The killer bee is lightly wounded.
The killer bee stings you.
* * * LOW HITPOINT WARNING * * *
The killer bee stings you.
* * * LOW HITPOINT WARNING * * *
It was a potion of degeneration.
There was something very wrong with that liquid.
You feel weakened.
You feel dopey.
You feel clumsy.
* * * LOW HITPOINT WARNING * * *
You feel sick. The killer bee misses you. The killer bee stings you.
* * * LOW HITPOINT WARNING * * *
The killer bee stings you.
You die...

#......##...#.......
#......#....#........
#......#....#........
#......+....+.......
#......#....#.......
#####......##...#.......
#.....#######...#......?
#.....#.....#...#.......
#.....#.....'..@y.......
#.....#.....#..y#.....(.
#.....#'##.####†#.......
#####....### #.####+#..
#....#...........# .
#....#...........+
#....#...........#
#....#.....[.....#
#....#############


You could see 2 killer bees.

Vanquished Creatures
  Sigmund (D:4)
  Edmund (D:5)
  Duvessa (D:6)
  A necrophage (D:6)
  2 phantoms
  2 ogres
  A bullfrog (D:3)
  Dowan (D:6)
  A water moccasin zombie (D:5)
  3 scorpions
  2 killer bees (D:7)
  2 howler monkeys (D:4)
  A crimson imp (D:5)
  A centaur zombie (D:6)
  4 hounds
  A centaur skeleton (D:4)
  Jessica (D:2)
  Terence (D:2)
  3 iguanas
  5 worker ants
  2 hound skeletons
  A worker ant zombie (D:5)
  4 adders
  A shadow imp (D:5)
  An ooze (D:4)
  2 worms
  3 dart slugs
  A leopard gecko (D:4)
  A ball python (D:4)
  9 giant cockroaches
  18 goblins
  4 hobgoblins
  2 jackals (D:3)
  7 kobolds
  5 bats
  4 frilled lizards
  9 rats
109 creatures vanquished.

Notes
Turn   | Place    | Note
-------+----------+-------------------------------------------
     0 | D:1      | Fukker the Demonspawn Gladiator began the quest for the
                  | Orb.
     0 | D:1      | Reached XP level 1. HP: 16/16 MP: 1/1
   380 | D:1      | Gained mutation: You have a pair of small horns on your
                  | head. [demonic ancestry]
   380 | D:1      | Reached XP level 2. HP: 16/22 MP: 2/2
   865 | D:2      | Noticed Terence
   875 | D:2      | Killed Terence
   875 | D:2      | Reached skill level 1 in Short Blades
   875 | D:2      | Reached XP level 3. HP: 6/27 MP: 3/3
  1087 | D:2      | Noticed Jessica
  1089 | D:2      | Killed Jessica
  1089 | D:2      | Reached skill level 2 in Short Blades
  1089 | D:2      | Reached XP level 4. HP: 31/33 MP: 4/4
  1499 | D:2      | Found a sacrificial altar of Ru.
  1503 | D:2      | Became a worshipper of Ru the Awakened
  1665 | D:3      | Noticed a bullfrog
  1673 | D:3      | Killed a bullfrog
  1673 | D:3      | Reached skill level 3 in Short Blades
  1673 | D:3      | Gained mutation: You have a pair of horns on your head.
                  | [demonic ancestry]
  1673 | D:3      | Reached XP level 5. HP: 22/38 MP: 5/5
  1896 | D:3      | Found a faded altar of an unknown god.
  2053 | D:3      | Reached skill level 4 in Short Blades
  2520 | D:4      | Noticed Sigmund
  2531 | D:4      | Reached skill level 5 in Short Blades
  2531 | D:4      | Gained mutation: You are partially covered in icy blue
                  | scales. (AC +2) [demonic ancestry]
  2531 | D:4      | Reached XP level 6. HP: 44/44 MP: 6/6
  3039 | D:4      | Reached skill level 6 in Short Blades
  3045 | D:4      | Gained mutation: You are missing a hand. [Ru sacrifice]
  3045 | D:4      | Reached * piety under Ru
  3045 | D:4      | Reached ** piety under Ru
  3045 | D:4      | Reached *** piety under Ru
  3099 | D:4      | Reached XP level 7. HP: 50/50 MP: 7/7
  3174 | D:4      | Found a stormy altar of Qazlal.
  3348 | D:4      | Killed Sigmund
  3348 | D:4      | Reached skill level 7 in Short Blades
  3550 | D:5      | Entered Level 5 of the Dungeon
  3633 | D:5      | Found a shattered altar of Ashenzari.
  3644 | D:5      | Noticed Edmund
  3651 | D:5      | Killed Edmund
  3651 | D:5      | Reached XP level 8. HP: 56/56 MP: 8/8
  3700 | D:5      | Reached skill level 8 in Short Blades
  3953 | D:5      | Found an iron altar of Okawaru.
  4385 | D:6      | Noticed Duvessa
  4386 | D:6      | Noticed Dowan
  4398 | D:6      | Killed Duvessa
  4399 | D:6      | Killed Dowan
  4399 | D:6      | Reached skill level 9 in Short Blades
  4512 | D:6      | Found a burning altar of Makhleb.
  4539 | D:6      | Found a bloodstained altar of Trog.
  4647 | D:6      | You fall into a shaft and drop 1 floor!
  4746 | D:7      | Found a basalt altar of Yredelemnul.
  4837 | D:7      | Gained mutation: You are weak. (Str -2) [Ru sacrifice]
  4846 | D:7      | HP: 2/56 [killer bee (3)]
  4846 | D:7      | Slain by a killer bee

Levels and vault maps discovered:
D:1:      dpeg_arrival_long_road, layout_basic, serial_bayou,
          serial_bayou_pond_d, serial_bayou_pond_a, serial_bayou_pond_d,
          serial_bayou_ford_a
D:2:      layout_basic, lemuel_crystal_altar, uniq_terence, uniq_jessica
D:3:      kennysheep_the_goblin_king, layout_loops_cross, first_ration,
          chequers_ecumenical_altar_island
D:4:      layout_basic, nicolae_qazlal_eye_of_the_storm, uniq_sigmund
D:5:      layout_gridville, ashenzari_altar_1, kennysheep_okawaru_gauntlet,
          minmay_misc_feat_alley, uniq_edmund
D:6:      layout_basic, good_gods_temple_1, makhleb_blood_cavern_becter,
          bloody_trog, temple_pool_b, uniq_pikel, uniq_duvessa
D:7:      layout_gridville, old_standard_altar, lemuel_round_altar,
          kennysheep_mini_moat

Skill      XL: |  1  2  3  4  5  6  7  8 |
---------------+-------------------------+-----
Staves         | 3 |  3.2
Throwing       | 2 3 4 |  4.3
Short Blades   | 1 2 3 5 6 7 9 |  9.6
Fighting       | |  2.0
Dodging        | |  2.7

Action                   |  1- 3 |  4- 6 |  7- 9 || total
-------------------------+-------+-------+-------++-------
Melee: Quarterstaff      |    27 |       |       ||    27
       Dagger            |    17 |       |       ||    17
       Headbutt          |     3 |    19 |    24 ||    46
       Short sword       |     1 |   135 |   130 ||   266
Throw: Dart              |       |     3 |     6 ||     9
       Javelin           |       |     6 |    11 ||    17
       Boomerang         |       |       |     4 ||     4
Invok: Sacrifice a Hand  |       |     1 |       ||     1
       Sacrifice Purity  |       |       |     1 ||     1
  Use: Scroll            |       |     6 |     1 ||     7
       Potion            |       |       |     1 ||     1
 Stab: Sleeping          |       |     1 |     1 ||     2
       Distracted        |       |       |     1 ||     1
  Eat: Chunk             |       |     7 |     5 ||    12
Armor: Leather armour    |    12 |    17 |    17 ||    46
Dodge: Dodged            |    30 |    72 |    60 ||   162

Table legend:
 A = Non-vault XP
 B = Vault XP
 C = Vault XP percentage of total XP
 D = Non-vault monster count
 E = Vault monster count
 F = Vault count percentage of total count
                 A         B        C        D         E       F
            +---------+---------+-------+---------+---------+-------
      Total |    1882 |     861 |  31.4 |      92 |      17 |  15.6
            +---------+---------+-------+---------+---------+-------
        D:1 |      15 |       0 |   0.0 |       9 |       0 |   0.0
        D:2 |      29 |      73 |  71.6 |      17 |       2 |  10.5
        D:3 |     146 |      14 |   8.8 |      23 |       7 |  23.3
        D:4 |     777 |     238 |  23.4 |      20 |       1 |   4.8
        D:5 |     512 |     167 |  24.6 |      14 |       3 |  17.6
        D:6 |      94 |     369 |  79.7 |       3 |       4 |  57.1
        D:7 |     309 |       0 |   0.0 |       6 |       0 |   0.0
            +---------+---------+-------+---------+---------+-------
